 Dungeon Crawl Stone Soup version 0.21.1-1-g345015f (webtiles) character file.

89 sking99 the Ruffian (level 4, 0/25 HPs)
             Began as a Gargoyle Transmuter on June 22, 2018.
             Was an Initiate of Cheibriados.
             Splashed by a jelly's acid (10 damage)
             ... on level 5 of the Dungeon.
             The game lasted 00:06:56 (1945 turns).

sking99 the Ruffian (Gargoyle Transmuter)           Turns: 1945, Time: 00:06:56

Health: 0/25       AC:  1    Str: 14    XL:     4   Next: 55%
Magic:  7/7        EV: 12    Int: 16    God:    Cheibriados [......]
Gold:   125        SH:  0    Dex: 11    Spells: 4/7 levels left

rFire    . . .     SeeInvis .     - Unarmed
rCold    . . .     Gourm    .   (no shield)
rNeg     + . .     Faith    .   b - +0 robe
rPois    ∞         Spirit   .   (no helmet)
rElec    +         Reflect  .   (no cloak)
rCorr    .         Harm     .   (no gloves)
MR       .....                  (no boots)
Stlth    +.........             (no amulet)
HPRegen  0.08/turn              (no ring)
MPRegen  0.10/turn              (no ring)

@: corroded, very slow
A: negative energy resistance 1, electricity resistance, unbreathing,
petrification resistance, rot immunity, AC +3
a: Bend Time, Renounce Religion


You were on level 5 of the Dungeon.
You worshipped Cheibriados.
Cheibriados was noncommittal.
You were hungry.

You visited 1 branch of the dungeon, and saw 5 of its levels.

You collected 125 gold pieces.

Inventory:

Missiles
 a - 66 arrows
Armour
 b - a +0 robe (worn)
 f - a -1 leather armour
Jewellery
 e - an uncursed ring of resist corrosion {unknown}
 k - a +2 amulet of reflection {unknown}
Wands
 g - a wand of acid (8)
Scrolls
 h - 2 scrolls of blinking {unknown}
 i - a scroll of teleportation {unknown}
 j - 3 scrolls of identify {unknown}
Potions
 l - 2 potions of brilliance {unknown}
Books
 c - a book of Changes

   Spells                             Type                      Level
   a - Beastly Appendage              Transmutation                1
   b - Sticks to Snakes               Transmutation                2
   c - Spider Form                    Transmutation/Poison         3
   d - Ice Form                       Ice/Transmutation            4
   e - Blade Hands                    Transmutation                5
Comestibles
 d - 3 rations


   Skills:
 - Level 1.1 Fighting
 - Level 1.5 Dodging
 - Level 5.1 Unarmed Combat
 + Level 2.0 Spellcasting
 + Level 1.5 Transmutations


You had 4 spell levels left.
You knew the following spells:

 Your Spells              Type           Power        Failure   Level  Hunger
a - Beastly Appendage     Tmut           #.....       11%         1    #......
b - Sticks to Snakes      Tmut           #.......     16%         2    ###....


Dungeon Overview and Level Annotations

Branches:
Dungeon (5/15)
 Temple: D:4-7

Altars:
Cheibriados

Annotations:
D:4 ByGGy's ghost, amateur MfSu


Innate Abilities, Weirdness & Mutations

You are resistant to torment.
Your stone body is resilient. (AC +3)
You are immune to poison.
You resist negative energy. (rN+)
You are resistant to electric shocks. (rElec)
You can survive without breathing.
You are immune to petrification.
You are immune to rotting.


Message History

You closely miss the worker ant.
The worker ant is severely wounded.
The worker ant bites you.
* * * LOW HITPOINT WARNING * * *
You hit the worker ant.
You kill the worker ant!
Cheibriados appreciates the change of pace.
Your Unarmed Combat skill increases to level 5!
You start resting.
You are feeling hungry.
You start resting.
A jelly comes into view.
A jelly is nearby!
The jelly moves out of view.
The jelly quivers.
The jelly jiggles.
You hit the jelly.
Your hands burn!
The jelly is lightly wounded.
The jelly hits you. The acid corrodes you!
You are splashed with acid!
The acid burns!
You die...

.. .# # .####.#
.$..... #
###.......
.##.##.........
........J......
#.@.......
#..........
####.......
....... .....#>
.##### .. ..


You could see a jelly.

Vanquished Creatures
  A worker ant (D:5)
  3 adders (D:2)
  An ooze (D:2)
  3 leopard geckos (D:2)
  An orc (D:2)
  A giant cockroach (D:2)
  2 goblins (D:2)
  4 hobgoblins
  2 jackals (D:1)
  2 ball pythons (D:2)
  2 bats
  5 frilled lizards
  3 kobolds (D:2)
  7 rats
37 creatures vanquished.

Notes
Turn   | Place    | Note
-------+----------+-------------------------------------------
     0 | D:1      | sking99 the Gargoyle Transmuter began the quest for the Orb.
     0 | D:1      | Reached XP level 1. HP: 12/12 MP: 3/3
   295 | D:1      | Reached XP level 2. HP: 16/16 MP: 5/5
   613 | D:1      | Learned a level 2 spell: Sticks to Snakes
   944 | D:2      | Reached skill level 4 in Unarmed Combat
   944 | D:2      | Reached XP level 3. HP: 14/20 MP: 6/6
  1259 | D:2      | Found a snail-covered altar of Cheibriados.
  1273 | D:2      | Became a worshipper of Cheibriados the Contemplative
  1702 | D:2      | Reached XP level 4. HP: 17/25 MP: 7/7
  1833 | D:3      | You fall through a shaft!
  1833 | D:4      | Noticed ByGGy's ghost (amateur MfSu)
  1845 | D:5      | Entered Level 5 of the Dungeon
  1853 | D:5      | Reached skill level 5 in Unarmed Combat
  1945 | D:5      | Splashed by a jelly's acid

Skill      XL: |  1  2  3  4 |
---------------+-------------+-----
Unarmed Combat | 4 5 |  5.1
Fighting       | |  1.1
Dodging        | |  1.5
Spellcasting   | |  2.0
Transmutations | |  1.5

Action                   |  1- 3 |  4- 6 || total
-------------------------+-------+-------++-------
Melee: Unarmed           |   129 |    22 ||   151
       Kick              |     3 |       ||     3
       Punch             |     1 |       ||     1
 Cast: Beastly Appendage |     1 |       ||     1
  Use: Scroll            |     1 |       ||     1
  Eat: Chunk             |     2 |     1 ||     3
Armor: Robe              |    41 |     8 ||    49
Dodge: Dodged            |    89 |    27 ||   116
